Unix NetHack Version 5.0.0-0 post-release - last build May 23 2026 06:08:33 (1c0ff79ee797540d5714e4e18072db0edd9e58ae,branch:main).

Game began 2026-05-29 18:22:44, ended 2026-05-29 18:33:38.

Atomicjoy, chaotic male elven Wizard

                                                G

                                              ..G
                                          h G )@)  G
                                              GG.
                                      G                  G

                                             h

Atomicjoy the Evoker      St:10 Dx:12 Co:14 In:19 Wi:9 Ch:11  Chaotic
Dlvl:4  $:42 HP:0(14) Pw:8(8) AC:8  Xp:1/6 T:1166 

Latest messages:
 You stop opening the tin.
 You swap places with your housecat.
 You miss the newt.
 The newt bites!
 The housecat bites the newt.
 The newt is killed!
 What do you want to eat? [qrtA or ?*] r
 It is not so easy to open this tin.
 You stop opening the tin.
 What do you want to eat? [qrtA or ?*] r
 It is not so easy to open this tin.
 The housecat misses the jackal.
 The housecat bites the jackal.
 The jackal is killed!
 Your housecat eats a jackal corpse.
 You succeed in opening the tin.
 It smells like goblins.
 Eat it? [yn] (n) y
 You consume french fried goblin.
 Eating french fried food made your fingers very slippery.
 Your quarterstaff slips from your hands.
 The quarterstaff hits other objects.
 From the impact, other objects fall.
 a - a blessed +1 quarterstaff.
 What do you want to eat? [qtA or ?*] ?
 This lichen corpse tastes terrible!
 You finish eating the lichen corpse.
 You swap places with your housecat.
 You descend the stairs.
 There is a branch staircase up to the Dungeons of Doom here.
 There are many objects here.
 Heliodore bites!
 The gnome lord throws a dagger!
 The dagger hits Heliodore!
 The gnome lord hits!
 The gnome lord shoots an arrow!
 An arrow misses you.
 What do you want to throw? [$a or ?*] *
 In what direction? 6
 Heliodore seems more amiable.
 Heliodore devours an uncursed food ration.
 The gnome lord throws 2 daggers!
 The 1st dagger hits Heliodore.
 Heliodore is killed!
 You are hit by the 2nd dagger!
 The gnome lord hits!
 The gnome lord shoots an arrow!
 You are hit by an arrow.
 You die...
 Do you want your possessions identified? [ynq] (y) q

Inventory:
 Coins    ('$')
  $ - 42 gold pieces
 Weapons  (')')
  a - a blessed +1 quarterstaff
 Armor    ('[')
  s - an uncursed +0 orcish helm (being worn)
  b - an uncursed +0 cloak of magic resistance (being worn)
 Comestibles  ('%')
  t - an uncursed food ration
  q - an uncursed tripe ration
 Scrolls  ('?')
  i - 3 uncursed scrolls of identify
  p - an uncursed scroll of teleportation
 Spellbooks  ('+')
  k - a blessed spellbook of create monster
  x - an uncursed spellbook of create monster
  z - an uncursed spellbook of detect monsters
  j - a blessed spellbook of force bolt
  u - an uncursed spellbook of knock
 Potions  ('!')
  v - a cursed potion of gain ability
  h - 3 uncursed potions of healing
  g - an uncursed potion of monster detection
  B - an uncursed potion of paralysis
  o - a blessed potion of restore ability
 Rings    ('=')
  d - an uncursed ring of poison resistance
  e - an uncursed ring of searching
 Wands    ('/')
  c - a wand of light (0:14)
 Tools    ('(')
  n - an uncursed bugle
  m - an uncursed blindfold
  l - a magic marker (0:20)

Atomicjoy the Wizard's attributes:

Background:
 You were an Evoker, a level 1 male elven Wizard.
 You were chaotic, on a mission for Anhur
 who was opposed by Ptah (lawful) and Thoth (neutral).
 You were right-handed.
 You were in the Gnomish Mines, on level 4.
 You entered the dungeon 1166 turns ago.
 You had 6 experience points, 14 more were needed to attain level 2.

Basics:
 You had 0 out of 14 hit points.
 You had all 8 energy points (spell power).
 Your armor class was 8.
 Your wallet contained 42 zorkmids.
 Autopickup was off.

Final Characteristics:
 Your strength was 10 (limit:18).
 Your dexterity was 12 (limit:18).
 Your constitution was 14 (limit:16).
 Your intelligence was 19 (limit:20).
 Your wisdom was 9 (limit:20).
 Your charisma was 11 (limit:18).

Final Status:
 You weren't hungry.
 You were unencumbered.
 You were bare handed.
 You were unskilled in bare handed combat.

Final Attributes:
 You were fervently aligned.
 You were magic-protected.
 You saw invisible.
 You had infravision.
 You were warded.
 You are dead.

Miscellaneous:
 You encountered 1 bones level.
 Total elapsed playing time was 10 minutes and 52 seconds.

Major events:
 Turn
    1: Atomicjoy the chaotic male elven Wizard entered the dungeon
  493: entered the Gnomish Mines
 1166: killed by an arrow

Spells:
 Name                 Level Category     Fail Retention
 force bolt             1   attack         0%  91%-100%
 create monster         2   clerical      69%  76%-100%
 knock                  1   matter         0%  76%-100%

Skills:
 Fighting Skills
   bare handed combat [Unskilled]
   riding             [Unskilled]
 Weapon Skills
   dagger             [Unskilled]
   knife              [Unskilled]
   axe                [Unskilled]
   short sword        [Unskilled]
   club               [Unskilled]
   mace               [Unskilled]
   quarterstaff       [Basic]
   polearms           [Unskilled]
   spear              [Unskilled]
   trident            [Unskilled]
   sling              [Unskilled]
   dart               [Unskilled]
   shuriken           [Unskilled]
 Spellcasting Skills
   attack spells      [Basic]
   healing spells     [Unskilled]
   divination spells  [Unskilled]
   enchantment spells [Basic]
   clerical spells    [Unskilled]
   escape spells      [Unskilled]
   matter spells      [Unskilled]

Voluntary challenges:
 Character rerolling was not enabled.
 You never genocided any monsters.
 You never polymorphed an object.
 You never changed form.
 You used no wishes.
Achievement:
 You entered the Gnomish Mines.

 The Dungeons of Doom: levels 1 to 4
    Level 1:
       A fountain.
    Level 2:
       An altar.
    Level 3:
       Some fountains.
       Stairs down to The Gnomish Mines.
    Level 4:
 The Gnomish Mines:
    Level 4: <- You were here.
       Final resting place for
          you, killed by an arrow,
          GdeVolpiano-Tou-Hum-Fem-Neu, killed by an arrow.


Vanquished creatures:
  a shrieker
  a kitten
  a hobbit
  2 geckos
  5 jackals
  a fox
  2 kobolds
  2 goblins
  6 grid bugs
  a lichen
  a kobold zombie
  3 newts
26 creatures vanquished.

No species were genocided or became extinct.

Game over:
                       ----------
                      /          \
                     /    REST    \
                    /      IN      \
                   /     PEACE      \
                  /                  \
                  |    Atomicjoy     |
                  |      42 Au       |
                  |   killed by an   |
                  |      arrow       |
                  |                  |
                  |                  |
                  |       2026       |
                 *|     *  *  *      | *
        _________)/\\_//(\/(/\)/\//\/|_)_______

Goodbye Atomicjoy the Wizard...

You died in The Gnomish Mines on dungeon level 4 with 212 points,
and 42 pieces of gold, after 1166 moves.
You were level 1 with a maximum of 14 hit points when you died.

